 Dungeon Crawl Stone Soup version 0.29-a0-973-gac7da5f7f0 (webtiles) character file.

Game seed: 7433400668725296550

13007 avis the Skirmisher (level 11, -4/94 HPs)
             Began as a Demigod Ice Elementalist on July 31, 2022.
             Slain by a culicivora (20 damage)
             ... on level 2 of the Lair of Beasts.
             The game lasted 01:50:05 (15257 turns).

avis the Skirmisher (Demigod Ice Elementalist)     Turns: 15257, Time: 01:50:10

Health: -4/94      AC: 15    Str:  9    XL:     11   Next: 42%
Magic:  16/22      EV: 19    Int: 20    God:
Gold:   606        SH:  0    Dex: 26    Spells: 12/20 levels left

rFire   . . .      SeeInvis .   a - +1 longbow
rCold   . . .      Faith    .   (shield currently unavailable)
rNeg    . . .      Spirit   .   I - +0 steam dragon scales
rPois   .          Reflect  .   n - +1 hat {Int+3}
rElec   .          Harm     .   (no cloak)
rCorr   +          Rampage  .   e - +0 pair of gloves
Will    +....                   l - +0 pair of boots
Stlth   +++.......              r - amulet of regeneration
HPRegen 1.05/turn               i - ring of resist corrosion
MPRegen 0.18/turn               (no ring)

@: ice-armoured, freezing walls
A: high MP 1, forlorn, divine attributes
a: no special abilities


You were on level 2 of the Lair of Beasts.
You visited 3 branches of the dungeon, and saw 12 of its levels.

You collected 606 gold pieces.

Inventory:

Hand Weapons
 a - a +1 longbow (weapon)
 b - a +0 long sword
 m - a +2 vampiric trident
 w - a +1 dagger of venom
Missiles
 t - 4 javelins
 u - 4 atropa-tipped darts
 D - a throwing net
 O - 19 poisoned darts
Armour
 e - a +0 pair of gloves (worn)
 l - a +0 pair of boots (worn)
 n - a +1 hat of intelligence (worn)
 q - a +0 pair of boots
 I - +0 steam dragon scales (worn)
Jewellery
 i - a ring of resist corrosion (left hand)
 r - an amulet of regeneration (around neck)
Wands
 v - a wand of flame (6)
 x - a wand of mindburst (14)
 J - a wand of charming (6)
 R - a wand of polymorph (12)
 U - a wand of roots (5)
Scrolls
 c - 5 scrolls of amnesia {unknown}
 d - 4 scrolls of magic mapping {unknown}
 f - 3 scrolls of fear {unknown}
 g - a scroll of silence {unknown}
 h - 2 scrolls of blinking {unknown}
 o - a scroll of torment {unknown}
 p - 4 scrolls of fog {unknown}
 s - 4 scrolls of vulnerability {unknown}
 y - a scroll of poison {unknown}
 F - a scroll of enchant armour {unknown}
 K - 3 scrolls of teleportation {unknown}
 L - a scroll of noise {unknown}
Potions
 j - 2 potions of magic
 k - a potion of lignification
 z - a potion of cancellation
 A - 3 potions of flight
 B - a potion of ambrosia
 E - a potion of berserk rage
 M - a potion of curing


   Skills:
 - Level 8.0 Fighting
 * Level 12.7 Ranged Weapons
 - Level 8.0 Dodging
 - Level 2.0 Stealth
 - Level 5.0 Spellcasting
 - Level 8.0 Ice Magic
 - Level 1.0 Earth Magic


You had 12 spell levels left.
You knew the following spells:

 Your Spells              Type           Power      Damage    Failure   Level
a - Freeze                Ice            100%       1d11      1%          1
d - Sandblast             Erth           18%        2d7       8%          1
o - Ozocubu's Armour      Ice            37%        N/A       1%          3
r - Frozen Ramparts       Ice            74%        1d9       1%          3

Your spell library contained the following spells:

 Spells                   Type           Power      Damage    Failure   Level
 Passwall                 Tmut/Erth      5%         N/A       14%         2
 Hailstorm                Conj/Ice       21%        3d6       22%         4
 Stone Arrow              Conj/Erth      14%        3d7       28%         3
 Dazzling Flash           Conj/Hex       10%        N/A       34%         3
 Gell's Gravitas          Tloc           5%         N/A       34%         3
 Lesser Beckoning         Tloc           5%         N/A       34%         3
 Teleport Other           Tloc           5%         N/A       34%         3
 Iskenderun's Mystic Bla  Conj/Tloc      5%         2d3       75%         4
 Passage of Golubria      Tloc           5%         N/A       75%         4
 Silence                  Hex/Air        2%         N/A       97%         5
 Starburst                Conj/Fire      2%         6d3       100%        6
 Lehudib's Crystal Spear  Conj/Erth      3%         10d3      100%        8


Dungeon Overview and Level Annotations

Branches:
Dungeon (9/15)             Temple (1/1) D:5            Lair (2/5) D:9
 Shoals (0/4) Lair:2
  Snake: Lair:2-3    Spider: Lair:2-3       Orc: D:9-12

Shops:
D:6 *

Annotations:
D:8 3 runed translucent doors, Valamore's ghost, novice DjFE


Innate Abilities, Weirdness & Mutations

You have an increased reservoir of magic. (+10% MP)
You shall have no god before yourself.
Your divine heritage dramatically boosts your attributes as you level up.


Message History

The wall freezes the culicivora.
The culicivora bites you but does no damage.
The wall freezes the jumping spider.
The wall freezes the culicivora.
The jumping spider's wounds heal themselves!
Fire: a) +1 longbow
Press: ? - help, Q - select action, (/) - cycle Shift-Dir - straight line, f/p - culicivora
Aim: a culicivora (heavily wounded, 58% to hit)
You shoot an arrow. The arrow misses the culicivora.
You feel sick.
The wall freezes the culicivora!
The culicivora misses you. The jumping spider pounces on you!
You are caught in a web!
The jumping spider bites you.
You cannot shoot with your longbow while caught in a web.
Unknown command.
You cannot shoot with your longbow while caught in a web.
You cannot shoot with your longbow while caught in a web.
The web tears apart.
You feel sick.
The wall freezes the culicivora.
The culicivora bites you!
* * * LOW HITPOINT WARNING * * *
The culicivora draws strength from your injuries!
The jumping spider misses you.
The jumping spider bites you but does no damage.
The wall freezes the culicivora but does no damage.
The culicivora bites you.
* * * LOW HITPOINT WARNING * * *
The culicivora draws strength from your injuries!
You feel better. The jumping spider barely misses you.
The jumping spider bites you.
* * * LOW HITPOINT WARNING * * *
The wall freezes the culicivora.
The culicivora bites you.
* * * LOW HITPOINT WARNING * * *
The culicivora draws strength from your injuries!
The jumping spider pounces on you but does no damage.
The jumping spider bites you but does no damage.
You feel better.
The wall freezes the culicivora.
The culicivora bites you!
* * * LOW HITPOINT WARNING * * *
The culicivora draws strength from your injuries!
The jumping spider pounces on you but does no damage.
The jumping spider bites you but does no damage.
The wall freezes the culicivora.
The culicivora bites you!!
You die...

..#........# #P.############
..#........# ##.##.
...>.......# #### ###.. ###
...........###..### ^^^. #.##
#..........##.....##^^^.
##<.##
#.#.........#...###..^.^
#P.#.#
....##..........##....^#
##..##
....##.......#...s...### #.##
.#)..###........@†^###..###.##
...#####...#P#..s.##....#...P
.P...##.######....# ........##
...P.#### #....# #.P.#.####
......## ...... ##........
...P.P.## ###.###. #.#.#####
P....P..######### ### ##.### #
.......##..##.#####.####...#
>..P.P)...................##


You could see a culicivora and a jumping spider.

Vanquished Creatures
  Gastronok (D:7)
  A boulder beetle (Lair:1)
  A two-headed ogre (D:9)
  A cyclops (D:9)
  2 black mambas
  Joseph (D:9)
  3 cane toads
  2 rime drakes (Lair:2)
  4 komodo dragons
  4 wyverns
  3 yaks (Lair:2)
  3 vampire mosquitoes (D:7)
  4 basilisks
  4 steam dragons
  3 redbacks (Lair:2)
  An acid dragon (D:9)
  4 water moccasins
  2 ice beasts (D:4)
  2 sky beasts
  An ogre (D:4)
  2 orc warriors
  4 centaurs
  5 wolves (Lair:1)
  A phantom (D:4)
  9 bullfrogs
  2 kobold brigands
  Blork the orc (D:6)
  A gnoll sergeant (D:8)
  2 necrophages
  3 scorpions
  5 killer bees
  4 howler monkeys
  2 jellies
  A gnoll bouda (D:9)
  2 hounds
  An orc priest (D:9)
  7 iguanas
  5 orc wizards
  12 gnolls
  5 adders
  3 shadow imps
  3 white imps
  A worm (D:2)
  5 dart slugs
  28 orcs
  5 bats (D:1)
  7 endoplasms
  3 giant cockroaches
  8 goblins
  6 hobgoblins
  14 kobolds
  6 quokkas
  6 ball pythons
  3 frilled lizards
  7 rats
226 creatures vanquished.

Vanquished Creatures (others)
  4 fungi (Lair:2)
  15 plants (Lair:2)
19 creatures vanquished.

Grand Total: 245 creatures vanquished

Notes
Turn   | Place    | Note
-------+----------+-------------------------------------------
     0 | D:1      | avis the Demigod Ice Elementalist began the quest for the
                  | Orb.
     0 | D:1      | Reached XP level 1. HP: 14/14 MP: 5/5
   606 | D:1      | Reached XP level 2. HP: 20/20 MP: 5/7
  1211 | D:1      | Reached XP level 3. HP: 26/26 MP: 6/9
  1240 | D:1      | Learned a level 3 spell: Ozocubu's Armour
  1244 | D:1      | Learned a level 3 spell: Frozen Ramparts
  2920 | D:3      | Reached XP level 4. HP: 33/33 MP: 9/11
  3583 | D:4      | Noticed a phantom
  3736 | D:4      | Killed a phantom
  3737 | D:4      | Reached skill level 5 in Ice Magic
  3737 | D:4      | Reached skill level 1 in Fighting
  3737 | D:4      | Reached XP level 5. HP: 26/40 MP: 1/12
  3938 | D:4      | Noticed an ogre
  3940 | D:4      | Noticed an ice beast
  4098 | D:4      | Reached XP level 6. HP: 45/47 MP: 9/15
  4779 | D:4      | Reached XP level 7. HP: 29/55 MP: 9/17
  5076 | D:4      | Noticed a steam dragon
  5091 | D:4      | Killed a steam dragon
  5092 | D:4      | Reached skill level 5 in Spellcasting
  5536 | D:4      | Learned a level 1 spell: Sandblast
  5832 | D:5      | Entered Level 5 of the Dungeon
  6363 | D:5      | Found a staircase to the Ecumenical Temple.
  6370 | Temple   | Entered the Ecumenical Temple
  6560 | D:5      | Reached skill level 1 in Earth Magic
  7141 | D:5      | Reached XP level 8. HP: 51/63 MP: 11/19
  7702 | D:6      | Found Zin's Purification Station.
  7751 | D:6      | Noticed Blork the orc
  7763 | D:6      | Killed Blork the orc
  7764 | D:6      | Reached skill level 1 in Ranged Weapons
  7776 | D:6      | Reached skill level 2 in Ranged Weapons
  7880 | D:6      | Reached skill level 3 in Ranged Weapons
  8042 | D:6      | Reached skill level 4 in Ranged Weapons
  8152 | D:6      | Reached skill level 5 in Ranged Weapons
  8300 | D:6      | Reached skill level 6 in Ranged Weapons
  8788 | D:7      | Reached skill level 7 in Ranged Weapons
  9287 | D:7      | Reached skill level 8 in Ranged Weapons
  9655 | D:7      | Reached skill level 9 in Ranged Weapons
  9655 | D:7      | Reached XP level 9. HP: 69/69 MP: 11/20
  9913 | D:8      | Noticed Gastronok
 10044 | D:7      | HP: 3/69 [Gastronok (24)]
 10441 | D:7      | Killed Gastronok
 10442 | D:7      | Reached skill level 11 in Ranged Weapons
 10673 | D:8      | Reached skill level 12 in Ranged Weapons
 11100 | D:8      | Found a runed translucent gate.
 11100 | D:8      | Found a runed translucent gate.
 11100 | D:8      | Found a runed translucent gate.
 11106 | D:8      | Noticed a centaur warrior
 11106 | D:8      | Noticed Valamore's ghost (novice DjFE)
 11474 | D:9      | Noticed a two-headed ogre
 11534 | D:9      | Reached XP level 10. HP: 69/78 MP: 15/21
 11610 | D:9      | Killed a two-headed ogre
 11611 | D:9      | Reached skill level 5 in Fighting
 12196 | D:9      | Noticed a cyclops
 12205 | D:9      | Noticed Joseph
 12208 | D:9      | Killed a cyclops
 12209 | D:9      | Reached skill level 5 in Dodging
 12221 | D:9      | Killed Joseph
 12649 | D:9      | Found a staircase to the Lair.
 12901 | Lair:1   | Entered Level 1 of the Lair of Beasts
 12901 | Lair:1   | Noticed a black mamba
 12906 | Lair:1   | Killed a black mamba
 13245 | Lair:1   | Noticed a boulder beetle
 13262 | Lair:1   | Killed a boulder beetle
 13263 | Lair:1   | Reached XP level 11. HP: 71/92 MP: 16/22
 14981 | Lair:2   | Found a staircase to the Shoals.
 15257 | Lair:2   | Slain by a culicivora

Illustrated notes

Levels and vault maps discovered:
D:1:      erik_arrival_cave_to_civilisation [erik_arrival_cave_to_hall],
          layout_basic, minivault_14
D:2:      layout_basic, minmay_misc_feat_plants, skrybe_limestone_x,
          nrook_loot_triangle
D:3:      layout_basic, mainiacjoe_overflow_alcove_2
D:4:      layout_gridville, lemuel_crystal_altar, lemuel_tele_altar,
          gammafunk_temple_overflow_statue, minmay_manual_monstrance
D:5:      layout_rooms, minmay_temple_entry_junction, serial_co_window_serial,
          co_window_paths_a, co_window_of_opportunity_a, co_window_paths_b,
          co_window_of_opportunity_a, co_window_paths_b, co_window_2corner,
          co_window_corner_b, co_window_of_opportunity_c, co_window_broadway_b,
          co_window_paths_c, co_window_2corner, co_window_corner_b,
          co_window_sun, glass_columns_c
D:6:      layout_rooms, zin_purify, nicolae_vehumet_altar_sigil,
          mainiacjoe_overflow_six_doors_small, uniq_blork_the_orc
D:7:      layout_basic, lemuel_doored_altar, marbit_many_paths,
          chequers_serial_rivers_micro_e, st_stairs_8
D:8:      layout_cave_pools, ebering_ghost_gozag, uniq_gastronok
D:9:      layout_gridville, old_standard_altar, eat_drink_and_be_merry_uskayaw,
          erik_lair_dragon, uniq_joseph
Temple:   kb_temple_of_zot
Lair:1:   layout_loops_ring, minivault_23, grunt_megastairs_2,
          infiniplex_staircase_pool_2
Lair:2:   layout_loops_ring, minmay_shoals_entry_centaurs,
          spider_nest_entry_funnel_web

Skill      XL: |  1  2  3  4  5  6  7  8  9 10 11 |
---------------+----------------------------------+-----
Spellcasting   | 2 3 4 5 |  5.0
Ice Magic      | 4 5 6 7 8 |  8.0
Dodging        | 2 3 7 8 |  8.0
Fighting       | 1 2 3 4 7 8 |  8.0
Earth Magic    | 1 |  1.0
Ranged Weapons | 9 12 | 12.7
Stealth        | 2 |  2.0

Action                   |  1- 3 |  4- 6 |  7- 9 | 10-12 || total
-------------------------+-------+-------+-------+-------++-------
Melee: Dagger            |     3 |    25 |       |       ||    28
       Trident           |       |    66 |    70 |       ||   136
       Punch             |       |       |     2 |       ||     2
 Fire: Sling             |    34 |    26 |   136 |       ||   196
       Longbow           |       |       |    26 |   195 ||   221
 Cast: Freeze            |    51 |     5 |    14 |       ||    70
       Ozocubu's Armour  |     2 |    14 |    35 |    30 ||    81
       Frozen Ramparts   |     2 |    12 |    45 |    36 ||    95
       Sandblast         |       |       |    42 |       ||    42
  Use: Potion            |       |     4 |     9 |     2 ||    15
       Scroll            |       |       |     1 |     8 ||     9
 Stab: Sleeping          |     2 |       |       |       ||     2
Armor: Robe              |    13 |    28 |    29 |       ||    70
       Steam dragon scal |       |       |    54 |    30 ||    84
Dodge: Dodged            |    22 |   101 |   147 |    80 ||   350

Table legend: (Time is in decaauts)
 A = Elapsed time spent in this place.
 B = Non-inter-level travel time spent in this place.
 C = Inter-level travel time spent in this place.
 D = Time resting spent in this place.
 E = Time spent auto-exploring this place.
 F = Levels seen in this place.
 G = Mean time per level.
                   A        B        C        D        E       F      G
               +--------+--------+--------+--------+--------+-----+--------+
         Total |  15430 |  13494 |   1936 |   5068 |   5782 |  12 | 1285.8 |
       Dungeon |  13291 |  11571 |   1720 |   4520 |   4906 |   9 | 1476.8 |
        Temple |     30 |     25 |      5 |      0 |      0 |   1 |   30.0 |
          Lair |   2108 |   1898 |    210 |    548 |    876 |   2 | 1054.0 |
               +--------+--------+--------+--------+--------+-----+--------+

Top non-repeatable levels by time:
     D:4: 1911 daAuts
     D:1: 1755 daAuts
     D:5: 1753 daAuts
     D:7: 1697 daAuts
     D:9: 1534 daAuts
     D:6: 1522 daAuts
     D:2: 1239 daAuts
     D:3: 1178 daAuts
  Lair:1: 1072 daAuts
  Lair:2: 1036 daAuts
     D:8: 698 daAuts
  Temple: 30 daAuts
